 Dungeon Crawl Stone Soup version 0.31.0-12-g77e489cdc1 (webtiles) character file.

Game seed: 16111097691655643364

20 Peloso the Covered (level 2, 27/27 HPs)
             Began as a Minotaur Fighter on Feb 16, 2024.
             Got out of the dungeon alive.
             The game lasted 00:01:28 (584 turns).

Peloso the Covered (Minotaur Fighter)                Turns: 584, Time: 00:01:28

Health: 27/27      AC:  7    Str: 23    XL:     2   Next: 58%
Magic:  1/1        EV:  9    Int:  8    God:
Gold:   54         SH:  4    Dex:  7    Spells: 1/1 levels left

rFire   . . .        a - +1 long sword
rCold   . . .        c - +0 buckler
rNeg    . . .        b - +0 scale mail
rPois   .            (helmet unavailable)
rElec   .            (no cloak)
rCorr   .            (no gloves)
SInv    .            (no boots)
Will    .....        (no amulet) Stlth
                     (no ring)
HPRegen 0.24/turn    (no ring)
MPRegen 0.07/turn

%: no passive effects
@: no status effects
A: horns 3, retaliatory headbutt, clever 1, strong 1
a: no special abilities


You escaped.
You visited 1 branch of the dungeon, and saw 1 of its levels.

You collected 54 gold pieces.

Inventory:

Hand Weapons
 a - a +1 long sword (weapon)
Armour
 b - a +0 scale mail (worn)
 c - a +0 buckler (worn)
Scrolls
 j - a scroll of enchant armour {unknown}
 k - a scroll of noise {unknown}
Potions
 d - a potion of might
 f - a potion of curing


   Skills:
 + Level 4.0 Fighting
 + Level 2.7 Long Blades
 + Level 4.0 Armour
 + Level 4.0 Shields


You had one spell level left.
You didn't know any spells.
Your spell library was empty.

Dungeon Overview and Level Annotations

Branches:
Dungeon (1/15)

Altars:


Innate Abilities, Weirdness & Mutations

You have a pair of large horns on your head.
You reflexively headbutt those who attack you in melee.
Your mind is acute. (Int +4, Str/Dex -1)
Your muscles are strong. (Str +4, Int/Dex -1)


Message History

The fungus is lightly damaged.
You hit the fungus.
The fungus begins to die.
The fungus is lightly damaged.
A nearby fungus withers and dies. x2
You see here a +0 rapier.
You hit the fungus.
The fungus begins to die.
The fungus is lightly damaged.
Done exploring.
You hit the fungus.
The fungus begins to die.
The fungus is lightly damaged.
A nearby fungus withers and dies.
You hit the plant.
The plant begins to die.
You headbutt the plant!
The plant is lightly damaged.
A nearby fungus withers and dies.
You slash the plant!
The plant begins to die.
The plant is lightly damaged.
A nearby plant withers and dies.
You hit the fungus.
The fungus begins to die.
You headbutt the fungus.
The fungus is lightly damaged.
A nearby plant withers and dies.
A nearby fungus withers and dies.
Done exploring.
Done exploring.
As you read the scroll labelled KOSEEL KEGUHANETI, it crumbles to dust.
You feel momentarily disoriented.
It was a scroll of revelation.
As you read the scroll labelled VUZAIV YHIRUN, it crumbles to dust.
It is a scroll of enchant weapon.
Your +0 long sword glows red for a moment.
It was a potion of heal wounds.
You feel much better.
It was a potion of curing.
You feel better.
It was a potion of mutation.
You feel extremely strange.
You feel stronger.
You feel vulnerable to cold.
You feel strong-willed.
You feel genetically stable.
You feel extremely strange.
You no longer feel strong-willed.
You feel genetically unstable.
You no longer feel vulnerable to cold.
The horns on your head grow some more.
You feel clever.
What level of the Dungeon? (default 1, ? - help)
There is a staircase leading out of the dungeon here.
You have escaped!

...........###.........#.#####
#..##.....#...###......#.....#
...#.....#.......#.....#.....#
#.......#.........#....#.....#
#.......#.........#....#.....#
#...#.#.#..........#...#.....#
..###..#...........#......>..#
....#..#......#....#.........#
....#..#......#.@..#.........#
.......#.......#..#..........#
.......#.....#....#..........#
..###..#......#..#......######
.......#.......##.......#
..###).#.)..............#####
.## #...#...................##
#####...#....................##
.............[................#


There were no monsters in sight!

Vanquished Creatures
  A dart slug (D:1)
  3 endoplasms (D:1)
  A giant cockroach (D:1)
  A goblin (D:1)
  A hobgoblin (D:1)
  2 quokkas (D:1)
  4 ball pythons (D:1)
  2 frilled lizards (D:1)
15 creatures vanquished.

Notes
Turn   | Place    | Note
-------+----------+-------------------------------------------
     0 | D:1      | Peloso the Minotaur Fighter began the quest for the Orb.
     0 | D:1      | Reached XP level 1. HP: 19/19 MP: 0/0
   129 | D:1      | Reached XP level 2. HP: 27/27 MP: 1/1
   291 | D:1      | Found a faded altar of an unknown god.
   543 | D:1      | Gained mutation: Your muscles are strong. (Str +4, Int/Dex
                  | -1) [potion of mutation]
   543 | D:1      | Gained mutation: You are vulnerable to cold. (rC-) [potion
                  | of mutation]
   543 | D:1      | Gained mutation: You are strong-willed. (Will+) [potion of
                  | mutation]
   543 | D:1      | Gained mutation: You are somewhat resistant to further
                  | mutation. [potion of mutation]
   544 | D:1      | Lost mutation: You are strong-willed. (Will+) [potion of
                  | mutation]
   544 | D:1      | Lost mutation: You are somewhat resistant to further
                  | mutation. [potion of mutation]
   544 | D:1      | Lost mutation: You are vulnerable to cold. (rC-) [potion of
                  | mutation]
   544 | D:1      | Gained mutation: You have a pair of large horns on your
                  | head. [potion of mutation]
   544 | D:1      | Gained mutation: Your mind is acute. (Int +4, Str/Dex -1)
                  | [potion of mutation]
   584 | D:$      | Got out of the dungeon alive.

Illustrated notes

Levels and vault maps discovered:
D:1:      dpeg_arrival_solitude, layout_rooms,
          dreamdust_ecumenical_altar_hidden_monk_grotto, minmay_tromino_v2

Skill      XL: |  1  2 |
---------------+-------+-----
Armour         | 4 |  4.0
Shields        | 4 |  4.0
Fighting       | 4 |  4.0
Long Blades    | |  2.7

Action                     || total
---------------------------++-------
  Melee: Long sword        ||    44
         Headbutt          ||     7
    Use: Potion            ||     4
         Scroll            ||     2
 Armour: Scale mail        ||    23
  Dodge: Dodged            ||    22
  Block: Buckler           ||    10
